 Dungeon Crawl Stone Soup version 0.31-a0-1084-gb392501acf (webtiles) character file.

Game seed: 11989129562484934006

339 Nedwor the Cutter (level 6, 0/48 HPs)
             Began as a Demonspawn Gladiator on Nov 27, 2023.
             Slain by Grinder (6 damage)
             ... on level 3 of the Dungeon on Nov 28, 2023.
             The game lasted 00:04:39 (2525 turns).

Nedwor the Cutter (Demonspawn Gladiator)            Turns: 2525, Time: 00:04:40

Health: 0/48       AC:  6    Str: 14    XL:     6   Next: 29%
Magic:  6/6        EV: 13    Int:  9    God:
Gold:   107        SH:  0    Dex: 17    Spells: 5/5 levels left

rFire   . . .        a - +0 rapier
rCold   . . .        (no shield)
rNeg    . . .        b - +0 leather armour
rPois   .            c - +0 helmet
rElec   .            l - +0 cloak
rCorr   .            f - +0 pair of gloves
SInv    .            (no boots)
Will    .....        (no amulet)
Stlth   +            (no ring)
HPRegen 0.28/turn    (no ring)
MPRegen 0.10/turn

%: no passive effects
@: no status effects
A: ignite blood 2
a: no special abilities


You were on level 3 of the Dungeon.
You visited 1 branch of the dungeon, and saw 3 of its levels.

You collected 107 gold pieces.

Inventory:

Hand Weapons
 a - a +0 rapier (weapon)
Missiles
 d - 3 throwing nets (quivered)
 e - a javelin
Armour
 b - a +0 leather armour (worn)
 c - a +0 helmet (worn)
 f - a +0 pair of gloves (worn)
 l - a +0 cloak (worn)
Jewellery
 i - a ring of magical power
Scrolls
 g - a scroll of identify
 h - a scroll of butterflies {unknown}
 j - a scroll of poison {unknown}
 o - a scroll of torment {unknown}
Potions
 k - a potion of resistance {unknown}
 m - a potion of heal wounds
 n - a potion of invisibility {unknown}


   Skills:
 + Level 3.6 Fighting
 * Level 5.0 Short Blades
 - Level 1.7 Throwing
 + Level 4.0 Dodging


You had 5 spell levels left.
You didn't know any spells.
Your spell library contained the following spells:

 Spells                   Type           Power      Damage    Failure   Level
 Tukima's Dance           Hex            0%         N/A       83%         3
 Dimensional Bullseye     Hex/Tloc       0%         N/A       99%         4
 Iskenderun's Mystic Bla  Conj/Tloc      0%         2d3       99%         4


Dungeon Overview and Level Annotations

Branches:
Dungeon (3/15)

Altars:
Kikubaaqudgha
Ru

Shops:
D:2 =

Annotations:
D:3 Grinder


Innate Abilities, Weirdness & Mutations

Your demonic aura often causes spilled blood to erupt in flames.


Message History

Found a stone staircase leading down.
Grinder gestures at you. Pain shoots through your body!
You closely miss Grinder.
Grinder is lightly wounded.
Grinder gestures at you. Pain shoots through your body!
You hit Grinder.
Grinder is lightly wounded.
Grinder gestures at you.
You barely resist. You closely miss Grinder.
Grinder is lightly wounded.
Grinder gestures at you.
You suddenly lose the ability to move!
Grinder hits you!
You writhe in agony.
Grinder gestures at you.
You barely resist.
You can move again.
You are too injured to fight recklessly!
You hit Grinder but do no damage.
Grinder is lightly wounded.
Grinder hits you but does no damage.
You puncture Grinder!
Grinder is moderately wounded.
Grinder completely misses you.
You closely miss Grinder.
Grinder is moderately wounded.
Grinder hits you!
* * * LOW HITPOINT WARNING * * *
You writhe in agony.
* * * LOW HITPOINT WARNING * * *
Unknown command.
You hit Grinder.
Grinder is heavily wounded.
Grinder hits you.
* * * LOW HITPOINT WARNING * * *
You writhe in agony.
You die...
Grinder says, "Now the real fun starts!"

#+# #># #.# ##.## ##...##
#.....# # #####..5.# .#
#........@###.###
#.#####.........# #.##
##......#.# #..# ##).####.#
#..# #.....[.# #.#+####..#
#.######## #.........#
#........# #........#
#.######.#
#.......#######.######.#######


You could see Grinder.

Vanquished Creatures
  Sigmund (D:3)
  Natasha (thrice) (D:3)
  4 adders
  3 gnolls (D:3)
  3 orcs (D:3)
  2 bats (D:2)
  5 endoplasms
  4 goblins
  6 hobgoblins
  2 jackals (D:2)
  2 quokkas
  A ball python (D:3)
  3 kobolds
  3 rats
42 creatures vanquished.

Notes
Turn   | Place    | Note
-------+----------+-------------------------------------------
     0 | D:1      | Nedwor the Demonspawn Gladiator began the quest for the
                  | Orb.
     0 | D:1      | Reached XP level 1. HP: 16/16 MP: 1/1
   613 | D:2      | Reached skill level 3 in Short Blades
   616 | D:2      | Gained mutation: Your demonic aura sometimes causes spilled
                  | blood to erupt in flames. [demonic ancestry]
   616 | D:2      | Reached XP level 2. HP: 20/22 MP: 2/2
   695 | D:2      | Gained mutation: Your demonic aura often causes spilled
                  | blood to erupt in flames. [demonic ancestry]
   695 | D:2      | Reached XP level 3. HP: 26/28 MP: 3/3
   774 | D:2      | Found a sacrificial altar of Ru.
  1405 | D:2      | Found Ahuikluk's Jewellery Emporium.
  1711 | D:3      | Noticed Sigmund
  1727 | D:3      | Killed Sigmund
  1728 | D:3      | Reached skill level 4 in Short Blades
  1728 | D:3      | Reached XP level 4. HP: 7/35 MP: 4/4
  1728 | D:3      | Reached XP level 5. HP: 8/41 MP: 5/5
  2186 | D:3      | Noticed Natasha
  2192 | D:3      | Killed Natasha
  2212 | D:3      | Reached XP level 6. HP: 17/47 MP: 6/6
  2215 | D:3      | HP: 2/47 [gnoll/+0 spear (2)]
  2222 | D:3      | Upgraded the game from 0.31-a0-1082-g7d1fb776a8 to
                  | 0.31-a0-1084-gb392501acf
  2310 | D:3      | Noticed Natasha
  2313 | D:3      | Killed Natasha
  2321 | D:3      | Found an ancient bone altar of Kikubaaqudgha.
  2491 | D:3      | Noticed Natasha
  2500 | D:3      | Killed Natasha
  2501 | D:3      | Reached skill level 5 in Short Blades
  2505 | D:3      | Noticed Grinder
  2519 | D:3      | Paralysed by Grinder for 3 turns
  2525 | D:3      | Slain by Grinder

Illustrated notes

Levels and vault maps discovered:
D:1:      roadster_arrival_rocket_small, layout_loops_ring
D:2:      layout_basic, serial_shops, shop, basic_altar
D:3:      layout_loops_corners, nicolae_overflow_ecumenical_swirl,
          general_overflow_altar, mainiacjoe_overflow_concentric_impassable,
          uniq_sigmund, uniq_grinder, uniq_natasha

Skill      XL: |  1  2  3  4  5  6 |
---------------+-------------------+-----
Short Blades   | 3 4 5 |  5.0
Dodging        | 3 4 |  4.0
Fighting       | 3 |  3.6
Throwing       | |  1.7

Action                     |  1- 3 |  4- 6 || total
---------------------------+-------+-------++-------
  Melee: Rapier            |    75 |    70 ||   145
         Punch             |     1 |     1 ||     2
    Use: Scroll            |       |     1 ||     1
         Potion            |       |     1 ||     1
   Stab: Sleeping          |     2 |     1 ||     3
 Armour: Leather armour    |    47 |    34 ||    81
  Dodge: Dodged            |    36 |    45 ||    81

Table legend: (Time is in decaauts)
 A = Elapsed time spent in this place.
 B = Non-inter-level travel time spent in this place.
 C = Inter-level travel time spent in this place.
 D = Time resting spent in this place.
 E = Time spent auto-exploring this place.
 F = Levels seen in this place.
 G = Mean time per level.
                   A        B        C        D        E       F      G
               +--------+--------+--------+--------+--------+-----+--------+
         Total |   2525 |   2429 |     96 |    401 |   1691 |   3 |  841.7 |
       Dungeon |   2525 |   2429 |     96 |    401 |   1691 |   3 |  841.7 |
               +--------+--------+--------+--------+--------+-----+--------+

Top non-repeatable levels by time:
     D:2: 1080 daAuts
     D:3: 843 daAuts
     D:1: 600 daAuts
